 Dungeon Crawl Stone Soup version 0.30-a0-451-ge042605de7 (webtiles) character file.

Game seed: 8118954601725158084

93 Brandom the Covered (level 5, -6/46 HPs)
             Began as a Meteoran Fighter on Dec 11, 2022.
             Mangled by a gnoll
             ... wielding a +0 halberd
              (12 damage)
             ... on level 2 of the Dungeon.
             The game lasted 00:05:34 (673 turns).

Brandom the Covered (Meteoran Fighter)               Turns: 673, Time: 00:05:34

Health: -6/46      AC:  7    Str: 17    XL:     5   Next: 16%
Magic:  7/7        EV:  9    Int: 11    God:
Gold:   62         SH:  5    Dex: 14    Spells: 5/6 levels left

rFire   . . .      SeeInvis .    a - +0 flail
rCold   . . .      Faith    .    c - +0 buckler
rNeg    . . .      Spirit   .    b - +0 scale mail
rPois   .          Reflect  .    (no helmet)
rElec   .          Harm     .    (no cloak)
rCorr   .          Rampage  .    (no gloves)
Will    .....                    (no boots)
Stlth   ..........               (no amulet)
HPRegen 0.27/turn                (no ring)
MPRegen 0.10/turn                (no ring)

@: mighty, glowing
A: sense surroundings 1, otherworldly, glowing, explore regen
a: no special abilities


You were on level 2 of the Dungeon.
You visited 1 branch of the dungeon, and saw 2 of its levels.

You collected 62 gold pieces.

Inventory:

Hand Weapons
 a - a +0 flail (weapon)
Armour
 b - a +0 scale mail (worn)
 c - a +0 buckler (worn)
 f - a +0 chain mail
   (You found it on level 1 of the Dungeon)
 i - a +0 robe
   (You found it on level 2 of the Dungeon)
Scrolls
 e - a scroll of blinking {unknown}
 g - a scroll of torment {unknown}
 h - a scroll of enchant armour {unknown}


   Skills:
 + Level 3.7 Fighting
 + Level 3.4 Maces & Flails
 + Level 4.2 Armour
 + Level 1.8 Dodging
 + Level 4.1 Shields
 + Level 1.2 Spellcasting
 + Level 1.0 Transmutations


You had 5 spell levels left.
You knew the following spells:

 Your Spells              Type           Power      Damage    Failure   Level
a - Beastly Appendage     Tmut           4%         N/A       65%         1

Your spell library contained the following spells:

 Spells                   Type           Power      Damage    Failure   Level
 Wereblood                Tmut           2%         N/A       78%         2
 Spider Form              Tmut/Pois      1%         N/A       97%         3


Dungeon Overview and Level Annotations

Branches:
Dungeon (2/15) Zot: 491

Altars:

Shops:
D:1 ?

Annotations:
D:2 Natasha


Innate Abilities, Weirdness & Mutations

You passively map a small area around you.
You are easily found by Zot.
You glow in the dark.
You regain HP and MP as you explore.


Message History

You block the hobgoblin's attack.
The gnoll shouts! x2
You hit the hobgoblin but do no damage. You block the hobgoblin's attack.
A gnoll comes into view. It is wielding a +0 whip.
You hit the hobgoblin.
You kill the hobgoblin!
A gnoll comes into view. It is wielding a +0 whip.
Found a white potion.
Found a stone staircase leading down.
The gnoll shouts!
Natasha, Servant of Life and Death comes into view.
You block the gnoll's attack. The gnoll barely misses you.
You completely miss the gnoll. The gnoll hits you with a +0 halberd.
You hit the gnoll. You block the gnoll's attack.
You closely miss the gnoll. The gnoll hits you with a +0 halberd!
You barely miss the gnoll. The gnoll hits you with a +0 halberd.
You hit the gnoll. The gnoll closely misses you.
The gnoll hits you but does no damage.
You sock the gnoll! You block the gnoll's attack.
The gnoll hits you with a +0 whip.
You thump the gnoll!
You kill the gnoll!
The gnoll barely misses you.
You have reached level 5!
You closely miss the gnoll. The gnoll hits you but does no damage.
The gnoll hits you from afar with a +0 halberd.
* * * LOW HITPOINT WARNING * * *
The gnoll hits you but does no damage.
The gnoll hits you from afar with a +0 halberd!
* * * LOW HITPOINT WARNING * * *
You feel very mighty all of a sudden. The gnoll barely misses you.
You sock the gnoll! The gnoll barely misses you.
You closely miss the gnoll.
Natasha hisses angrily.
The gnoll hits you with a +0 whip.
* * * LOW HITPOINT WARNING * * *
You barely miss the gnoll. You block the gnoll's attack.
The gnoll hits you with a +0 whip.
* * * LOW HITPOINT WARNING * * *
You hit the gnoll.
You kill the gnoll!
Your Transmutations skill increases to level 1!
You hit the gnoll. The gnoll hits you with a +0 whip.
* * * LOW HITPOINT WARNING * * *
You block the gnoll's attack.
You sock the gnoll!
You kill the gnoll!
The gnoll hits you from afar with a +0 halberd!
You die...

####### #..,..# #.# #.#
####.###.######### *
#................# ,
#.#....#....#..#.# * , ,
#.##...........#.#
#.##.###.#.....#.# , ,
#.##.#...#.....#@# , .
#.##.#.###....##)# * .$.
.....#.#.#....##g######.....
.#####.#........h..g.gg.....
.......................!...>
,
.###...........#######......
, .# * ...#.....# ,, !####+
.#########.....#,* # *
.#.............#,*


You could see Natasha and a gnoll.

Vanquished Creatures
  Natasha (D:2)
  3 gnolls (D:2)
  9 endoplasms
  2 giant cockroaches (D:1)
  2 goblins (D:1)
  4 hobgoblins
  4 jackals (D:1)
  3 kobolds (D:1)
  2 quokkas (D:1)
  5 ball pythons
  5 bats
  3 frilled lizards
  A rat (D:1)
44 creatures vanquished.

Notes
Turn   | Place    | Note
-------+----------+-------------------------------------------
     0 | D:1      | Brandom the Meteoran Fighter began the quest for the Orb.
     0 | D:1      | Reached XP level 1. HP: 19/19 MP: 2/2
    27 | D:1      | Reached XP level 2. HP: 26/26 MP: 3/3
    54 | D:1      | Found Kyolot's Magic Scroll Emporium.
   132 | D:1      | Reached skill level 1 in Dodging
   132 | D:1      | Reached XP level 3. HP: 25/31 MP: 4/4
   139 | D:1      | Learned a level 1 spell: Beastly Appendage
   471 | D:1      | Reached XP level 4. HP: 35/39 MP: 4/6
   474 | D:1      | Glimpsed the power of Zot.
   564 | D:2      | Noticed Natasha
   574 | D:2      | Killed Natasha
   575 | D:2      | Reached skill level 1 in Spellcasting
   648 | D:2      | Noticed Natasha
   665 | D:2      | Reached XP level 5. HP: 27/46 MP: 7/7
   672 | D:2      | Reached skill level 1 in Transmutations
   673 | D:2      | Mangled by a gnoll

Illustrated notes

Levels and vault maps discovered:
D:1:      ncdulo_watergridlock, layout_rooms, serial_shops,
          nicolae_lakefront_shop, minmay_close_crescents
D:2:      layout_basic, uniq_natasha

Skill      XL: |  1  2  3  4  5 |
---------------+----------------+-----
Maces & Flails | 3 |  3.4
Dodging        | 1 |  1.8
Armour         | 4 |  4.2
Shields        | 4 |  4.1
Spellcasting   | 1 |  1.2
Transmutations | 1 |  1.0
Fighting       | |  3.7

Action                   |  1- 3 |  4- 6 || total
-------------------------+-------+-------++-------
Melee: Flail             |    87 |    34 ||   121
  Use: Potion            |       |     1 ||     1
Armor: Scale mail        |    43 |    10 ||    53
Dodge: Dodged            |    35 |    10 ||    45
Block: Buckler           |    20 |     9 ||    29

Table legend: (Time is in decaauts)
 A = Elapsed time spent in this place.
 B = Non-inter-level travel time spent in this place.
 C = Inter-level travel time spent in this place.
 D = Time resting spent in this place.
 E = Time spent auto-exploring this place.
 F = Levels seen in this place.
 G = Mean time per level.
                   A        B        C        D        E       F      G
               +--------+--------+--------+--------+--------+-----+--------+
         Total |    707 |    679 |     28 |      0 |    394 |   2 |  353.5 |
       Dungeon |    707 |    679 |     28 |      0 |    394 |   2 |  353.5 |
               +--------+--------+--------+--------+--------+-----+--------+

Top non-repeatable levels by time:
     D:1: 544 daAuts
     D:2: 162 daAuts
